 Dungeon Crawl Stone Soup version 0.29-a0-409-gd843f3a48c (webtiles) character file.

Game seed: 14227619767205436780

212 Demosthentine the Skirmisher (level 5, -4/47 HPs)
             Began as a Hill Orc Fighter on May 15, 2022.
             Slain by Blork the orc
             ... wielding a +0 mace
              (10 damage)
             ... on level 5 of the Dungeon.
             The game lasted 00:03:18 (3656 turns).

Demosthentine the Skirmisher (Hill Orc Fighter)     Turns: 3656, Time: 00:03:18

Health: -4/47      AC:  7    Str: 21    XL:     5   Next: 90%
Magic:  5/5        EV:  9    Int:  8    God:
Gold:   305        SH:  5    Dex: 10    Spells: 4/4 levels left

rFire   . . .      SeeInvis .   a - +1 war axe
rCold   . . .      Faith    .   c - +1 buckler
rNeg    . . .      Spirit   .   b - +0 scale mail
rPois   .          Reflect  .   (no helmet)
rElec   .          Harm     .   (no cloak)
rCorr   .          Rampage  .   (no gloves)
Will    .....                   (no boots)
Stlth   ..........              (no amulet)
HPRegen 0.15/turn               (no ring)
MPRegen 0.09/turn               (no ring)

@: no status effects
A: no striking features
a: no special abilities


You were on level 5 of the Dungeon.
You visited 1 branch of the dungeon, and saw 5 of its levels.

You collected 305 gold pieces.

Inventory:

Hand Weapons
 a - a +1 war axe (weapon)
Armour
 b - a +0 scale mail (worn)
 c - a +1 buckler (worn)
Wands
 h - a wand of flame (18)
Scrolls
 f - a scroll of fog
Potions
 d - a potion of mutation
 e - a potion of heal wounds
 i - a potion of invisibility {unknown}
 m - a potion of ambrosia {unknown}


   Skills:
 + Level 4.7 Fighting
 + Level 4.1 Axes
 + Level 4.2 Armour
 + Level 1.7 Dodging
 + Level 4.3 Shields


You had 4 spell levels left.
You didn't know any spells.
Your spell library contained the following spells:

 Spells                   Type           Power      Damage    Failure   Level
 Foxfire                  Conj/Fire      0%         2x1d4     83%         1
 Conjure Flame            Conj/Fire      0%         6-21      99%         3
 Inner Flame              Hex/Fire       0%         N/A       99%         3
 Flame Wave               Conj/Fire      0%         2d4       100%        4


Dungeon Overview and Level Annotations

Branches:
Dungeon (5/15)
 Temple: D:4-7

Altars:
Qazlal
Uskayaw

Annotations:
D:5 Blork the orc


Message History

There is a stone staircase leading up here.
Blork the orc comes into view.
He is wielding a +0 mace and wearing a +2 robe of positive energy.
Found a stone staircase leading down.
Blork the orc shouts!
Blork the orc is nearby!
Blork the orc is nearby!
Blork the orc is nearby!
You block Blork the orc's attack.
You closely miss Blork the orc. You block Blork the orc's attack.
You hit Blork the orc but do no damage. Blork the orc barely misses you.
You completely miss Blork the orc. You block Blork the orc's attack.
You hit Blork the orc.
Blork the orc is lightly wounded.
Blork the orc hits you with a +0 mace. x2
You hit Blork the orc.
Blork the orc is moderately wounded.
Blork the orc barely misses you.
You barely miss Blork the orc.
Blork the orc is moderately wounded.
Blork the orc looks satisfied for a moment.
Blork the orc hits you with a +0 mace!
You barely miss Blork the orc.
Blork the orc is moderately wounded.
Blork the orc hits you with a +0 mace!
You barely miss Blork the orc.
Blork the orc is moderately wounded.
Blork the orc screams, "I'm much stronger than you!"
Blork the orc hits you with a +0 mace!
You are too injured to fight recklessly!
You are too injured to fight recklessly!
You slash Blork the orc!
Blork the orc is heavily wounded.
Blork the orc hits you with a +0 mace.
* * * LOW HITPOINT WARNING * * *
Blork the orc hits you with a +0 mace!
* * * LOW HITPOINT WARNING * * *
You closely miss Blork the orc.
Blork the orc is heavily wounded.
Blork the orc hits you with a +0 mace!
You die...

#################
#.....##.........
###.##.########
#<.....#
###.######
##......##
##........#
#.........#
#..@......#
#..o......#
#....###+##
......# ####.>.+
#...# ##+##


You could see Blork the orc.

Vanquished Creatures
  Terence (D:3)
  8 gnolls
  4 adders
  3 worms
  An orc (D:4)
  7 endoplasms
  3 giant cockroaches
  6 goblins
  5 hobgoblins
  9 jackals
  2 kobolds
  3 quokkas
  7 ball pythons
  5 bats
  2 frilled lizards (D:1)
  7 rats
73 creatures vanquished.

Notes
Turn   | Place    | Note
-------+----------+-------------------------------------------
     0 | D:1      | Demosthentine the Hill Orc Fighter began the quest for the
                  | Orb.
     0 | D:1      | Reached XP level 1. HP: 19/19 MP: 1/1
   217 | D:1      | Reached XP level 2. HP: 26/27 MP: 2/2
   385 | D:1      | Found a faded altar of an unknown god.
   616 | D:2      | Reached XP level 3. HP: 33/33 MP: 3/3
  1178 | D:3      | Found a hide-covered altar of Uskayaw.
  1188 | D:3      | Reached skill level 1 in Dodging
  1189 | D:3      | Reached XP level 4. HP: 31/40 MP: 4/4
  2066 | D:3      | Noticed Terence
  2073 | D:3      | Killed Terence
  2074 | D:3      | Reached XP level 5. HP: 37/47 MP: 5/5
  2448 | D:4      | Found a stormy altar of Qazlal.
  3629 | D:5      | Entered Level 5 of the Dungeon
  3643 | D:5      | Noticed Blork the orc
  3656 | D:5      | Slain by Blork the orc

Illustrated notes

Levels and vault maps discovered:
D:1:      ncdulo_smallfort, layout_rooms, shapermc_ecumenical_altar_notcrosses,
          due_unseen_surprise
D:2:      layout_basic, corexii_corridor_pit
D:3:      layout_basic, eat_drink_and_be_merry_uskayaw, uniq_terence
D:4:      layout_loops_ring, nicolae_qazlal_scattered_showers
D:5:      layout_basic, mainiacjoe_overflow_24_doors,
          minmay_temple_entry_statues_pillars, nicolae_underground_beach,
          uniq_pikel, uniq_edmund, uniq_blork_the_orc

Skill      XL: |  1  2  3  4  5 |
---------------+----------------+-----
Axes           | 3 4 |  4.1
Fighting       | 4 |  4.7
Dodging        | 1 |  1.7
Shields        | 4 |  4.3
Armour         | 4 |  4.2

Action                   |  1- 3 |  4- 6 || total
-------------------------+-------+-------++-------
Melee: War axe           |    75 |   124 ||   199
  Use: Scroll            |     5 |     5 ||    10
       Potion            |     1 |     1 ||     2
Armor: Scale mail        |    50 |    54 ||   104
Dodge: Dodged            |    28 |    57 ||    85
Block: Buckler           |    20 |    29 ||    49

Table legend: (Time is in decaauts)
 A = Elapsed time spent in this place.
 B = Non-inter-level travel time spent in this place.
 C = Inter-level travel time spent in this place.
 D = Time resting spent in this place.
 E = Time spent auto-exploring this place.
 F = Levels seen in this place.
 G = Mean time per level.
                   A        B        C        D        E       F      G
               +--------+--------+--------+--------+--------+-----+--------+
         Total |   3732 |   3589 |    143 |    251 |   2720 |   5 |  746.4 |
       Dungeon |   3732 |   3589 |    143 |    251 |   2720 |   5 |  746.4 |
               +--------+--------+--------+--------+--------+-----+--------+

Top non-repeatable levels by time:
     D:2: 1125 daAuts
     D:4: 977 daAuts
     D:3: 962 daAuts
     D:1: 636 daAuts
     D:5: 29 daAuts
